 Dungeon Crawl Stone Soup version 0.21-a0-578-gc6e9d75 (webtiles) character file.

45 4thArraOfDagon the Skirmisher (level 3, -11/40 HPs)
             Began as an Ogre Artificer on Dec 18, 2017.
             Was an Initiate of Yredelemnul.
             Splashed by Ijyb's acid (15 damage)
             ... on level 4 of the Dungeon.
             The game lasted 00:02:54 (546 turns).

4thArraOfDagon the Skirmisher (Ogre Artificer)       Turns: 546, Time: 00:02:55

Health: -11/40     AC: -1    Str: 16    XL:     3   Next: 64%
Magic:  4/4        EV: 10    Int: 13    God:    Yredelemnul [......]
Gold:   40         SH:  0    Dex:  9    Spells: 0/2 levels left

rFire    . . .     SeeInvis .   a - +0 short sword
rCold    . . .     Gourm    .   (no shield)
rNeg     . . .     Faith    .   b - +0 robe
rPois    .         Spirit   .   (helmet restricted)
rElec    .         Reflect  .   (no cloak)
rCorr    .         Harm     .   (gloves unavailable)
MR       .....                  (boots unavailable)
Stlth    +.........             (no amulet)
HPRegen  0.13/turn              (no ring)
MPRegen  0.09/turn              (no ring)

@: corroded
A: large, unfitting armour, tough skin 1
a: Renounce Religion


You were on level 4 of the Dungeon.
You worshipped Yredelemnul.
Yredelemnul was noncommittal.
You were not hungry.

You visited 1 branch of the dungeon, and saw 4 of its levels.

You collected 40 gold pieces.

Inventory:

Hand Weapons
 a - a +0 short sword (weapon)
 j - a +0 club
Armour
 b - a +0 robe (worn)
Wands
 c - a wand of flame (11)
 d - a wand of enslavement (12)
 e - a wand of random effects (12)
Scrolls
 i - 2 scrolls of remove curse {unknown}
 k - a scroll of identify {unknown}
Potions
 g - 2 potions of curing {unknown}
 h - a potion of ambrosia {unknown}
Books
 l - a book of Minor Magic

   Spells                             Type                      Level
   a - Magic Dart                     Conjuration                  1
   b - Blink                          Translocation                2
   c - Call Imp                       Summoning                    2
   d - Slow                           Hexes                        2
   e - Conjure Flame                  Conjuration/Fire             3
   f - Mephitic Cloud                 Conjuration/Poison/Air       3
Comestibles
 f - 3 rations


   Skills:
 + Level 4.3 Fighting
 - Level 0.8 Short Blades
 * Level 0.5 Maces & Flails
 - Level 1.7 Dodging
 - Level 0.6 Stealth
 - Level 2.4 Evocations


You couldn't memorise any spells.
You knew the following spells:

 Your Spells              Type           Power        Failure   Level  Hunger
a - Blink                 Tloc           N/A          43%         2    ###....


Dungeon Overview and Level Annotations

Branches:
Dungeon (4/15)
 Temple: D:4-7

Altars:
Sif Muna
Yredelemnul

Annotations:
D:2 Robin
D:4 Ijyb


Innate Abilities, Weirdness & Mutations

You are too large for most types of armour.
You have tough skin. (AC +1)


Message History

Your worker ant dies!
It is a wand of acid (6).
Evoke which item? (* to show all) (? for menu, Esc to quit)
Aiming: Random Effects
Press: ? - help, Shift-Dir - straight line, f/p - Ijyb
Aim: Ijyb, wielding a dagger, wearing a leather armour and carrying a wand of acid (6)
The bolt of poison hits Ijyb.
Ijyb is poisoned.
Ijyb is heavily wounded.
Unknown command.
Evoke which item? (* to show all) (? for menu, Esc to quit)
Aiming: Throw Flame
Press: ? - help, Shift-Dir - straight line, f/p - Ijyb
Aim: Ijyb, wielding a dagger, wearing a leather armour and carrying a wand of acid (6) (heavily wounded, poisoned)
The puff of flame hits Ijyb.
Ijyb is almost dead.
Ijyb zaps a wand.
The bolt of acid hits you!
* * * LOW HITPOINT WARNING * * *
The acid corrodes you!
You are splashed with acid!
The acid burns!
You die...
Your body rises from the dead as a mindless zombie.

#....!....#...
...#.....#...
#####.#.........
##....g.........
#......#......#
###..$..........##
.(...............#
#.....@........#
#..............#
#....>.........#
#..............#
.#####.............##
..................##
..####..##....##.#
#....†......#.#
........##..........#


You could see Ijyb.

Vanquished Creatures
  An adder (D:2)
  An adder skeleton (D:4)
  A dart slug (D:3)
  2 leopard geckos
  A bat (D:1)
  5 giant cockroaches
  2 goblins
  2 hobgoblins (D:3)
  A ball python (D:4)
  2 frilled lizards (D:1)
  A kobold (D:1)
  4 rats
23 creatures vanquished.

Vanquished Creatures (collateral kills)
  An adder (D:2)
  An orc (D:3)
2 creatures vanquished.

Vanquished Creatures (others)
  A worker ant (D:4)
  An adder (D:2)
2 creatures vanquished.

Grand Total: 27 creatures vanquished

Notes
Turn   | Place    | Note
-------+----------+-------------------------------------------
     0 | D:1      | 4thArraOfDagon the Ogre Artificer began the quest for the Orb.
     0 | D:1      | Reached XP level 1. HP: 19/19 MP: 2/2
    46 | D:1      | Reached skill level 2 in Fighting
   146 | D:1      | Reached XP level 2. HP: 22/29 MP: 3/3
   214 | D:2      | Reached skill level 3 in Fighting
   286 | D:3      | Found a deep blue altar of Sif Muna.
   286 | D:3      | Found a basalt altar of Yredelemnul.
   307 | D:3      | Became a worshipper of Yredelemnul the Dark
   344 | D:3      | Reached XP level 3. HP: 31/39 MP: 4/4
   385 | D:2      | Reached skill level 4 in Fighting
   415 | D:2      | Noticed Robin
   516 | D:4      | Learned a level 2 spell: Blink
   517 | D:4      | Noticed Ijyb
   546 | D:4      | Splashed by Ijyb's acid

Vault maps used:
D:1:      minmay_arrival_radiant_lines, corexii_leaking_fountain,
          minmay_stone_trees_small
D:2:      uniq_terence, uniq_robin
D:3:      gammafunk_temple_overflow_elements, nemelex_lonely_heart_becter,
          uniq_crazy_yiuf_cottage
D:4:      grunt_temple_overflow_open, temple_doors_cd, serial_shops, shop,
          first_ration, uniq_ijyb

Skill      XL: |  1  2  3 |
---------------+----------+-----
Fighting       | 2 3 4 |  4.3
Short Blades   | |  0.8
Maces & Flails | |  0.5
Dodging        | |  1.7
Stealth        | |  0.6
Evocations     | |  2.4

Action                   || total
-------------------------++-------
Melee: Short sword       ||   102
Evoke: Wand              ||    10
Armor: Robe              ||    29
Dodge: Dodged            ||    58

Table legend:
 A = Spawn XP
 B = Non-spawn XP
 C = Spawn XP percentage of total XP
 D = Spawn monster count
 E = Non-spawn monster count
 F = Spawn count percentage of total count
 G = Total turns spent on level
                    A         B        C        D         E        F      G
               +---------+---------+-------+---------+---------+-------+---------
         Total |       0 |      65 |   0.0 |       0 |      25 |   0.0 |   546
               +---------+---------+-------+---------+---------+-------+---------
           D:1 |       0 |      11 |   0.0 |       0 |       8 |   0.0 |   171
           D:2 |       0 |      24 |   0.0 |       0 |       5 |   0.0 |   115
           D:3 |       0 |      21 |   0.0 |       0 |       9 |   0.0 |   185
           D:4 |       0 |       9 |   0.0 |       0 |       3 |   0.0 |    75
               +---------+---------+-------+---------+---------+-------+---------
